 Dungeon Crawl Stone Soup version 0.31.0-32-g396128a36d (webtiles) character file.

Game seed: 869340438448076580

2148 spaghetti the Summoner (level 9, -3/39 HPs)
             Began as a Vine Stalker Summoner on Mar 11, 2024.
             Was a Believer of Kikubaaqudgha.
             Slain by an orc warrior
             ... wielding a +2 trident of freezing
              (14 damage)
             ... on level 7 of the Dungeon.
             The game lasted 00:10:00 (7619 turns).

spaghetti the Summoner (Vine Stalker Summoner)      Turns: 7619, Time: 00:10:01

Health: -3/39      AC:  5    Str: 13    XL:     9   Next: 31%
Magic:  0/13       EV: 10    Int: 17    God:    Kikubaaqudgha [**....]
Gold:   318        SH:  0    Dex: 15    Spells: 2/12 levels left

rFire   . . .        y - +0 trident (vamp)
rCold   . . .        (no shield)
rNeg    . . .        g - +0 ring mail
rPois   .            (no helmet)
rElec   .            (no cloak)
rCorr   .            (no gloves)
SInv    .            (no boots)
Will    +....        (no amulet)
Stlth   +            (no ring)
HPRegen 1.06/turn    (no ring)
MPRegen 0.13/turn

%: guardian spirit
@: inugami summoned
A: fangs 3, regeneration 1, magic shield, antimagic bite, no potion heal 2
a: Renounce Religion, Unearth Wretches


You were on level 7 of the Dungeon.
You worshipped Kikubaaqudgha.
Kikubaaqudgha was pleased with you.
You visited 1 branch of the dungeon, and saw 7 of its levels.

You collected 318 gold pieces.

Inventory:

Hand Weapons
 d - a +0 short sword
 l - a +3 dagger of venom
 y - a +0 vampiric trident (weapon)
Armour
 a - a +0 robe
 g - a +0 ring mail (worn)
Jewellery
 A - a ring of willpower
 C - a ring of ice
Wands
 k - a wand of mindburst (17)
 u - a wand of flame (1)
 B - a wand of roots (11)
 D - a wand of acid (12)
Scrolls
 c - a scroll of fog
 h - a scroll of fear
 n - a scroll of blinking
 p - a scroll of torment
 q - 3 scrolls of vulnerability
 r - a scroll of identify
 v - a scroll of teleportation {unknown}
 w - 2 scrolls of poison {unknown}
 x - a scroll of enchant armour {unknown}
Potions
 b - a potion of magic
 e - 2 potions of cancellation {unknown}
 f - 3 potions of berserk rage {unknown}
 i - 3 potions of heal wounds {unknown}
 j - 3 potions of mutation {unknown}
 m - a potion of ambrosia {unknown}
 o - a potion of curing {unknown}
 s - a potion of brilliance {unknown}
 t - 2 potions of lignification {unknown}
 z - a potion of attraction {unknown}


   Skills:
 - Level 1.5 Dodging
 - Level 2.4 Stealth
 - Level 2.1 Spellcasting
 - Level 10.0 Summonings
 + Level 7.8 Necromancy


You had 2 spell levels left.
You knew the following spells:

 Your Spells              Type           Power      Damage    Failure   Level
a - Summon Small Mammal   Summ           100%       N/A       1%          1
b - Call Imp              Summ           70%        N/A       1%          2
c - Call Canine Familiar  Summ           35%        N/A       1%          3
d - Martyr's Knell        Necr/Summ      32%        N/A       11%         4

Your spell library contained the following spells:

 Spells                   Type           Power      Damage    Failure   Level
 Necrotise                Necr           100%       1d9       1%          1
 Kiss of Death            Conj/Necr      60%        2d10      9%          1
 Magic Dart               Conj           4%         1d3       38%         1
 Sandblast                Erth           2%         2d4       38%         1
 Searing Ray              Conj           2%         2d4       54%         2
 Vampiric Draining        Necr           28%        2d8       4%          3
 Animate Dead             Necr           28%        N/A       16%         4
 Curse of Agony           Necr           28%        N/A       41%         5
 Summon Blazeheart Golem  Fire/Summ      18%        N/A       47%         4
 Summon Lightning Spire   Summ/Air       18%        N/A       47%         4
 Dazzling Flash           Conj/Hex       2%         N/A       77%         3
 Mephitic Cloud           Conj/Alch/Air  1%         N/A       77%         3
 Passwall                 Erth           1%         N/A       77%         3
 Stone Arrow              Conj/Erth      2%         3d7       77%         3
 Brom's Barrelling Bould  Conj/Erth      1%         2d3       99%         4
 Fulminant Prism          Conj/Alch      0%         3d5       99%         4
 Vhi's Electric Charge    Tloc/Air       2%         N/A       99%         4
 Arcjolt                  Conj/Air       0%         1d10      100%        5
 Silence                  Hex/Air        0%         N/A       100%        5
 Maxwell's Capacitive Co  Air            0%         ∞         100%        8


Dungeon Overview and Level Annotations

Branches:
Dungeon (7/15)             Temple (0/1) D:7

Altars:
Dithmenos
Gozag
Kikubaaqudgha
Makhleb
Okawaru
Sif Muna
Vehumet
Xom
Yredelemnul

Annotations:
D:4 1 runed translucent door


Innate Abilities, Weirdness & Mutations

You have razor-sharp teeth.
Your natural rate of healing is unusually fast.
When hurt, damage is shared between your health and your magic reserves.
Your bite disrupts and absorbs the magic of your enemies.
Potions cannot restore your health.


Message History

Magic restored.
You climb downwards.
There is a stone staircase leading up, spattered with blood here.
Casting: Call Imp (safe; 1% risk of failure)
Confirm with . or Enter, or press ? or * to list all spells.
You call for your canine familiar and it appears with a howl!
Casting: Call Canine Familiar (safe; 1% risk of failure)
Confirm with . or Enter, or press ? or * to list all spells.
A tiny devil pulls itself out of the air.
The orc warrior hits you from afar with a +2 trident of freezing!
The orc warrior freezes you.
You are too injured to fight recklessly!
Reach: y) +0 trident (vamp)
Press: ? - help, Dir - move target, f - orc warrior
Aim: an orc warrior, wielding a +2 trident of freezing and wearing a +0 chain mail (ally target, about 48% to evade your +0 vampiric trident)
You reach to attack!
You hit the orc warrior but do no damage.
The orc warrior hits you from afar with a +2 trident of freezing!
The orc warrior freezes you.
Reach: y) +0 trident (vamp)
Press: ? - help, Dir - move target, f/p - orc warrior
Aim: an orc warrior, wielding a +2 trident of freezing and wearing a +0 chain mail (ally target, about 48% to evade your +0 vampiric trident)
You reach to attack!
You closely miss the orc warrior.
The orc warrior hits you from afar with a +2 trident of freezing!
The orc warrior freezes you.
* * * LOW HITPOINT WARNING * * *
Your cerulean imp hits the orc warrior but does no damage.
Your inugami hits the orc warrior but does no damage.
The orc warrior hits you from afar with a +2 trident of freezing.
* * * LOW HITPOINT WARNING * * *
The orc warrior freezes you.
Your cerulean imp closely misses the orc warrior.
Your inugami barely misses the orc warrior.
Casting: Call Imp (safe; 1% risk of failure)
Confirm with . or Enter, or press ? or * to list all spells.
Your cerulean imp hits the orc warrior but does no damage.
Your inugami closely misses the orc warrior.
The orc warrior hits you from afar with a +2 trident of freezing!
You die...
Kikubaaqudgha rasps: "You have failed me!
Welcome... death!"

#....... ##########))...8.
#.).))....)......
#[############.#. #####
#.# #... #.).# #.# #>..
#...# #[######### #...
#..)######)(.......####..)
#......r.@<)5(...........)
#...#######oh......####...
#...# #.....(......# ####
#...# #.###........#
#...###.# #........#
##......# #........#
.####################.##
..oooo§...#.o.oo..o.#.#
.########.#.#######o#.#


You could see an orc warrior (ally target), a friendly cerulean imp (summoned),
a friendly quokka (summoned) and a friendly inugami (summoned).

Vanquished Creatures
  An ice beast (D:5)
  An orc warrior (D:6)
  A centaur (D:5)
  A phantom (D:4)
  A bullfrog (D:7)
  A kobold brigand (D:7)
  A scorpion (D:5)
  2 howler monkeys (D:7)
  A bombardier beetle (D:6)
  3 orc priests
  A gnoll bouda (D:7)
  3 hounds
  4 iguanas
  An orc wizard (D:3)
  4 gnolls (D:7)
  3 adders
  6 ufetubi
  A ribbon worm (D:4)
  5 orcs
  2 ball pythons
  3 bats
  2 endoplasms
  3 giant cockroaches (D:1)
  3 goblins
  3 hobgoblins (D:1)
  8 jackals
  6 kobolds
  4 quokkas
  3 frilled lizards
  A jackal zombie (D:4)
  2 rats (D:2)
81 creatures vanquished.

Vanquished Creatures (collateral kills)
  A water moccasin (D:6)
  An orc warrior (D:7)
  An ice beast (D:6)
  A centaur (D:7)
  3 scorpions
  A howler monkey (D:7)
  A bombardier beetle (D:4)
  A crimson imp (D:4)
  A hound (D:4)
  An orc priest (D:7)
  2 iguanas
  Natasha (thrice) (D:4)
  An orc wizard (D:7)
  4 adders
  2 gnolls
  3 shadow imps
  2 ufetubi (D:5)
  A dart slug (D:1)
  A ribbon worm (D:3)
  11 orcs
  2 ball pythons (D:2)
  2 endoplasms
  2 goblins
  A hobgoblin (D:4)
  3 jackals
  7 kobolds
  2 quokkas
  2 bats (D:1)
  A frilled lizard (D:1)
  A rat (D:3)
65 creatures vanquished.

Grand Total: 146 creatures vanquished

Notes
Turn   | Place    | Note
-------+----------+-------------------------------------------
     0 | D:1      | spaghetti the Vine Stalker Summoner began the quest for the
                  | Orb.
     0 | D:1      | Reached XP level 1. HP: 9/9 MP: 4/4
   112 | D:1      | Reached XP level 2. HP: 13/13 MP: 4/6
   432 | D:1      | Reached XP level 3. HP: 16/16 MP: 7/7
   440 | D:1      | Reached skill level 5 in Summonings
   729 | D:1      | Learned a level 2 spell: Call Imp
   733 | D:1      | Learned a level 3 spell: Call Canine Familiar
  1472 | D:2      | Reached XP level 4. HP: 18/21 MP: 2/8
  2211 | D:3      | Reached skill level 6 in Summonings
  2733 | D:3      | Found a shimmering blue altar of Sif Muna.
  3039 | D:3      | Reached XP level 5. HP: 18/24 MP: 3/9
  3611 | D:4      | Reached skill level 7 in Summonings
  3611 | D:4      | Reached XP level 6. HP: 17/28 MP: 5/10
  3717 | D:4      | Noticed Natasha
  3721 | D:4      | Found a runed translucent door.
  3721 | D:4      | Noticed a human
  3725 | D:4      | Killed Natasha
  3731 | D:4      | Noticed Natasha
  3739 | D:4      | Killed Natasha
  3856 | D:4      | Found a basalt altar of Yredelemnul.
  3906 | D:4      | Noticed Natasha
  3912 | D:4      | Killed Natasha
  3976 | D:4      | Found an ancient bone altar of Kikubaaqudgha.
  3982 | D:4      | Became a worshipper of Kikubaaqudgha
  4155 | D:4      | Found a radiant altar of Vehumet.
  4156 | D:4      | Found a burning altar of Makhleb.
  4185 | D:4      | Reached skill level 8 in Summonings
  4227 | D:5      | Entered Level 5 of the Dungeon
  4234 | D:5      | Reached XP level 7. HP: 32/32 MP: 8/11
  4463 | D:5      | Found a shadowy altar of Dithmenos.
  4864 | D:5      | Reached skill level 9 in Summonings
  5180 | D:4      | Gained mutation: You have razor-sharp teeth. [Vine Stalker
                  | growth]
  5180 | D:4      | Reached XP level 8. HP: 16/36 MP: 8/12
  5265 | D:5      | Reached skill level 10 in Summonings
  5270 | D:5      | Learned a level 4 spell: Martyr's Knell
  5391 | D:5      | Reached skill level 1 in Necromancy
  5975 | D:6      | Found an iron altar of Okawaru.
  5975 | D:6      | Found an opulent altar of Gozag.
  5976 | D:6      | Found a shimmering altar of Xom.
  6417 | D:6      | Reached skill level 5 in Necromancy
  6525 | D:7      | Reached * piety under Kikubaaqudgha
  6525 | D:7      | Received a gift from Kikubaaqudgha
  6685 | D:7      | Reached XP level 9. HP: 16/39 MP: 4/13
  6891 | D:7      | Found a staircase to the Ecumenical Temple.
  7208 | D:7      | Reached ** piety under Kikubaaqudgha
  7619 | D:7      | Slain by an orc warrior

Illustrated notes

Levels and vault maps discovered:
D:1:      dpeg_arrival_round_b, layout_basic, ebering_dispersal_statue_hall
D:2:      layout_basic, chequers_serial_rivers_micro_a, minmay_tripent
D:3:      layout_loops_ring, nicolae_overflow_hidden_temple,
          serial_co_window_serial, co_window_corner_a, co_window_corner_a,
          co_window_paths_b, co_window_paths_b, co_window_paths_b,
          co_window_corner_a, co_window_paths_a, co_window_broadway_c,
          co_window_broadway_b, co_window_unsneaky_path_c, co_window_paths_e,
          glass_columns_a, glass_columns_c, glass_columns_b, glass_columns_a,
          glass_columns_b, minivault_5
D:4:      layout_cave_pools, grunt_temple_overflow_lords_of_destruction,
          dk_yredelemnul_ordeal, kiku_gazebo_garden_becter,
          cheibrodos_gnoll_hut, uniq_natasha
D:5:      layout_cave_pods, nicolae_dithmenos_through_a_glass_darkly
D:6:      layout_basic, gammafunk_temple_overflow_claw
D:7:      layout_basic, minmay_temple_entry_statues_pillars, enter_bailey_2

Skill      XL: |  1  2  3  4  5  6  7  8  9 |
---------------+----------------------------+-----
Summonings     | 5 6 7 8 9 10 | 10.0
Necromancy     | 6 7 |  7.8
Dodging        | |  1.5
Stealth        | |  2.4
Spellcasting   | |  2.1

Action                     |  1- 3 |  4- 6 |  7- 9 || total
---------------------------+-------+-------+-------++-------
  Melee: Unarmed           |     8 |       |       ||     8
         Short sword       |    77 |   147 |    11 ||   235
         Bite              |    15 |    35 |    45 ||    95
         Punch             |     1 |     1 |     4 ||     6
         Dagger            |       |       |   124 ||   124
         Trident           |       |       |    32 ||    32
   Cast: Summon Small Mamm |    15 |     1 |    18 ||    34
         Call Canine Famil |     8 |    18 |    33 ||    59
         Call Imp          |     6 |    21 |    34 ||    61
         Martyr's Knell    |       |       |     6 ||     6
    Use: Scroll            |       |       |     7 ||     7
   Stab: Sleeping          |     1 |       |       ||     1
         Distracted        |       |     2 |     2 ||     4
 Armour: Robe              |    36 |       |       ||    36
         Ring mail         |    30 |    95 |   209 ||   334
  Dodge: Dodged            |    63 |    75 |   133 ||   271
